 Dungeon Crawl Stone Soup version 0.28.0-45-g0d030f2227 (webtiles) character file.

Game seed: 14544280258311421343

3497 MisterFreud the Transmogrifier (level 7, -3/72 HPs)
             Began as a Red Draconian Transmuter on Apr 25, 2022.
             Was a Believer of Ru.
             Slain by a vampire
             ... wielding a +0 glaive
              (18 damage)
             ... in a bailey.
             The game lasted 00:16:59 (10838 turns).

MisterFreud the Transmogrifier (DrTm)              Turns: 10838, Time: 00:16:59

Health: -3/72      AC:  6    Str: 13    XL:     7   Next: 80%
Magic:  10/13      EV: 12    Int: 15    God:    Ru [**....]
Gold:   311        SH:  0    Dex: 14    Spells: 4/14 levels left

rFire   x . .      SeeInvis .     - Unarmed
rCold   + + +      Faith    .   (shield currently unavailable)
rNeg    . . .      Spirit   .   (armour unavailable)
rPois   +          Reflect  .   (helmet currently unavailable)
rElec   .          Harm     .   (cloak currently unavailable)
rCorr   .          Rampage  .   (gloves currently unavailable)
Will    .....                   (boots currently unavailable)
Stlth   +.........              (no amulet)
HPRegen 0.22/turn               (no ring)
MPRegen 0.13/turn               (no ring)

@: confused, ice-form
A: freezing attack, amphibious, boosted hp, (breathe fire), AC +6, large,
unfitting armour, (fire resistance 1), (cold-blooded), inexperienced 1
a: End Transformation, Renounce Religion


You were in a bailey.
You worshipped Ru.
Ru was pleased with you.
You were a creature of crystalline ice.
You visited 2 branches of the dungeon, and saw 8 of its levels.
You also visited: Ossuary and Bailey.

You collected 311 gold pieces.

Inventory:

Hand Weapons
 l - the +4 dagger of Sequestration {vamp, rF+ rC+ rN+}
   (You found it on level 5 of the Dungeon)

   It occasionally heals its wielder for a portion of the damage dealt when it
   wounds a living foe.
   rF:        It protects you from fire.
   rC:        It protects you from cold.
   rN:        It protects you from negative energy.
Missiles
 e - 23 poisoned darts
 g - 3 curare-tipped darts
 i - a boomerang
Armour
 r - the +2 pair of boots "Falael" (melded) {Fly rC++ Will+ Int-4}
   (You found it on level 7 of the Dungeon)

   Int:       It affects your intelligence (-4).
   rC:        It greatly protects you from cold.
   Fly:       It grants you flight.
   Will:      It increases your willpower.
Wands
 j - a wand of flame (36)
 m - a wand of digging (3)
 q - a wand of mindburst (13)
Scrolls
 f - 2 scrolls of teleportation
 n - a scroll of enchant armour
 p - a scroll of identify
 s - a scroll of blinking
 t - a scroll of fog
 u - 2 scrolls of amnesia
 w - a scroll of enchant weapon
Potions
 a - a potion of attraction
 b - 2 potions of lignification
 c - 3 potions of brilliance
 d - a potion of haste
 h - 2 potions of curing
 k - 2 potions of mutation
 o - a potion of cancellation
 v - a potion of invisibility
 x - 2 potions of might
 z - 2 potions of ambrosia


   Skills:
 + Level 4.8 Fighting
 + Level 6.4 Dodging
 + Level 6.5 Unarmed Combat
 - Level 4.0 Spellcasting
 - Level 8.0 Transmutations
 - Level 4.0 Ice Magic


You had 4 spell levels left.
You knew the following spells:

 Your Spells              Type           Power      Damage    Failure   Level
a - Beastly Appendage     Tmut           54%        N/A       1%          1
b - Wereblood             Tmut           27%        N/A       1%          2
c - Spider Form           Tmut/Pois      15%        N/A       11%         3
d - Ice Form              Ice/Tmut       21%        N/A       16%         4

Your spell library contained the following spells:

 Spells                   Type           Power      Damage    Failure   Level
 Sting                    Tmut/Pois      60%        1d6       3%          1
 Ozocubu's Armour         Ice            15%        N/A       11%         3
 Poisonous Vapours        Pois/Air       6%         N/A       26%         2
 Dazzling Flash           Conj/Hex       6%         N/A       47%         3
 Gell's Gravitas          Tloc           3%         N/A       47%         3
 Lesser Beckoning         Tloc           3%         N/A       47%         3
 Teleport Other           Tloc           3%         N/A       47%         3
 Olgreb's Toxic Radiance  Pois           3%         N/A       87%         4
 Agony                    Necr           3%         N/A       99%         5
 Silence                  Hex/Air        1%         N/A       99%         5
 Ozocubu's Refrigeration  Ice            7%         4d6       100%        7


Dungeon Overview and Level Annotations

Branches:
Dungeon (7/15)             Temple (1/1) D:4         Ossuary (visited)
 Bailey (1/1)

Altars:
Ashenzari
Cheibriados
Dithmenos
Elyvilon
Gozag
Hepliaklqana
Kikubaaqudgha
Makhleb
Okawaru
Qazlal
Ru
Sif Muna
Trog
Uskayaw
Vehumet
Xom
Yredelemnul
Zin
The Shining One

Shops:
D:4 (

Annotations:
D:4 2 transporters, zielscheibe's ghost, amateur NaVM
D:6 1 runed translucent door, PanSaczeczos's ghost, novice DrCj


Innate Abilities, Weirdness & Mutations

You are a creature of crystalline ice.
You have a powerful freezing melee attack.
You are amphibious.
Your maximum health is increased.
Your armour is entirely melded.
You are incapable of wielding weapons or throwing items.
((You can breathe blasts of fire.))
((Your fiery red scales are hard. (AC +6)))
You cannot fit into any form of body armour.
((Your flesh is heat resistant. (rF+)))
((You are cold-blooded and may be slowed by cold attacks.))
You are somewhat inexperienced. (-2 XL)


Message History

The vampire flickers and vanishes!
Deactivating autopickup; reactivate with Ctrl-A.
There is a large open door here.
There is an open door here.
You see here a +0 halberd.
Okay, then.
Unknown command.
Okay, then.
Unknown command.
As you read the scroll of identify, it crumbles to dust.
v - a potion of invisibility
There is a gate leading back out of this place here.
A vampire appears from thin air!
Reactivating autopickup.
Casting: Ice Form (dangerous; 21% risk of failure)
Confirm with . or Enter, or press ? or * to list all spells.
You turn into a creature of crystalline ice.
The +2 pair of boots "Falael" {Fly rC++ Will+ Int-4} melds into your body.
You float gracefully downwards.
The vampire mumbles some strange words.
The vampire flickers and vanishes!
Deactivating autopickup; reactivate with Ctrl-A.
Something hits you! Something hits you! Something bites you but does no damage.
You pummel something!! You freeze something.
Something draws life force from you!
You punch something!
You hear some strange, mumbled words.
Something tries to affect you, but you resist.
You hit something but do no damage. You punch something! You freeze something.
Something completely misses you. Something bites you.
Something draws strength from your injuries!
You hit something but do no damage.
You hear some strange, mumbled words.
You are confused.
You miss something. Something draws life force from you!
* * * LOW HITPOINT WARNING * * *
You bump into the rock wall.
Something hits you!!
You die...

######## ##......##
#..∩..∩..# #........#
###....).### ##..........##
♣♣♣♣♣♣♣♣♣#....#..#....#♣♣
♣♣♣≈≈≈≈≈≈≈≈≈≈≈≈≈#..#≈≈≈≈≈≈♣
♣♣≈≈≈≈≈≈≈≈≈≈≈≈≈≈Y#..#≈≈≈≈≈≈♣
♣≈≈≈.........)..{#..#####♣♣♣
≈≈≈.....#'########..#...#
≈≈...8..#).)....##..#...#
♣♣....8.#..)....##..#...#
♣♣.....#'#####+##..#...#
♣..8.##........#..#...#
♣♣..).#....♣.......))..#
♣.....#................#


There were no monsters in sight!

Vanquished Creatures
  A gargoyle (Bailey)
  Sigmund (D:4)
  Eustachio (D:5)
  A steam dragon (D:6)
  Edmund (D:4)
  Duvessa (D:5)
  A sky beast (D:6)
  An ogre (D:6)
  A black bear (D:5)
  A necrophage (D:2)
  A phantom (D:6)
  A kobold brigand (D:6)
  Blork the orc (D:5)
  7 scorpions
  A water moccasin zombie (D:6)
  Dowan (D:5)
  6 vampire bats (Bailey)
  5 wolf zombies (Bailey)
  2 human zombies (Ossuary)
  2 centaur zombies (Ossuary)
  A jelly (D:5)
  4 hounds
  3 orc priests
  2 bullfrog skeletons
  Jessica (D:4)
  An iguana (D:4)
  Ijyb (D:4)
  4 scorpion zombies (Ossuary)
  A hound zombie (D:5)
  2 hound skeletons (D:4)
  3 mummies (Ossuary)
  7 gnolls
  A howler monkey skeleton (D:7)
  10 adders
  A shadow imp (D:7)
  2 ufetubi
  3 worms
  2 dart slugs
  18 orcs
  8 ball pythons
  6 endoplasms
  6 giant cockroaches
  11 goblins
  6 hobgoblins
  6 jackals (D:1)
  11 kobolds
  4 quokkas
  4 bats (D:2)
  2 frilled lizards
  2 goblin zombies (Ossuary)
  A hobgoblin zombie (Ossuary)
  A kobold zombie (Ossuary)
  23 orc zombies
  3 rats
198 creatures vanquished.

Vanquished Creatures (others)
  A human (D:4)
1 creature vanquished.

Grand Total: 199 creatures vanquished

Notes
Turn   | Place    | Note
-------+----------+-------------------------------------------
     0 | D:1      | MisterFreud the Draconian Transmuter began the quest for
                  | the Orb.
     0 | D:1      | Reached XP level 1. HP: 16/16 MP: 3/3
   283 | D:1      | Reached XP level 2. HP: 23/23 MP: 5/5
   405 | D:1      | Reached skill level 3 in Transmutations
  1146 | D:2      | Reached XP level 3. HP: 28/28 MP: 4/6
  1485 | D:2      | Reached skill level 4 in Transmutations
  1562 | D:2      | Found a burning altar of Makhleb.
  1623 | D:2      | Noticed a necrophage
  1637 | D:2      | Killed a necrophage
  1638 | D:2      | Reached skill level 5 in Transmutations
  1638 | D:2      | Reached XP level 4. HP: 25/36 MP: 7/7
  1638 | D:2      | Reached XP level 5. HP: 28/41 MP: 8/8
  1864 | D:2      | Learned a level 2 spell: Wereblood
  1868 | D:2      | Learned a level 3 spell: Spider Form
  1953 | D:3      | Noticed Jessica
  2140 | D:4      | Killed Jessica
  2330 | D:4      | Found a transporter.
  3198 | D:3      | Reached XP level 6. HP: 42/51 MP: 7/9
  3406 | D:3      | Found a glowing golden altar of the Shining One.
  3511 | D:4      | Found an ancient bone altar of Kikubaaqudgha.
  3511 | D:4      | Noticed a human
  3516 | D:4      | Killed a human
  3532 | D:4      | Noticed Ijyb
  3544 | D:4      | Killed Ijyb
  3760 | D:4      | Found Vuman's Weapon Boutique.
  3892 | D:4      | Found a transporter.
  3892 | D:4      | Noticed zielscheibe's ghost (amateur NaVM)
  4023 | D:4      | HP: 1/52 [orc priest/+0 flail (7)]
  4052 | D:4      | Found a staircase to the Ecumenical Temple.
  4347 | Temple   | Entered the Ecumenical Temple
  4750 | D:4      | Noticed Sigmund
  4757 | D:4      | Killed Sigmund
  4758 | D:4      | Reached skill level 5 in Unarmed Combat
  4758 | D:4      | Your scales start taking on a fiery red colour.
  4758 | D:4      | Reached XP level 7. HP: 59/59 MP: 6/10
  4758 | D:4      | Gained mutation: Your flesh is heat resistant. (rF+) [Red
                  | Draconian growth]
  5072 | D:4      | Found a broken altar of Ashenzari.
  5088 | D:4      | Noticed Edmund
  5157 | D:4      | Killed Edmund
  5755 | D:5      | Entered Level 5 of the Dungeon
  5827 | D:5      | Learned a level 4 spell: Ice Form
  6073 | D:5      | Noticed Blork the orc
  6084 | D:5      | Killed Blork the orc
  6278 | D:5      | Reached XP level 8. HP: 51/66 MP: 11/11
  6411 | D:5      | Reached skill level 6 in Transmutations
  6501 | D:5      | Noticed Eustachio
  6513 | D:5      | Killed Eustachio
  6533 | D:5      | Identified the +4 dagger of Sequestration {vamp, rF+ rC+
                  | rN+}
  6702 | D:5      | Found a sacrificial altar of Ru.
  6715 | D:5      | Became a worshipper of Ru the Awakened
  6919 | D:5      | Noticed Duvessa
  6919 | D:5      | Noticed Dowan
  6928 | D:5      | Killed Duvessa
  6936 | D:5      | Killed Dowan
  6937 | D:5      | Reached skill level 5 in Dodging
  6937 | D:5      | Reached skill level 7 in Transmutations
  7119 | D:6      | Found a runed translucent door.
  7146 | D:6      | Reached skill level 1 in Ice Magic
  7150 | D:6      | Noticed PanSaczeczos's ghost (novice DrCj)
  7262 | D:6      | Found a sand-covered staircase.
  7270 | Ossuary  | Entered an ossuary
  7735 | Ossuary  | Reached XP level 9. HP: 71/71 MP: 12/12
  7950 | Ossuary  | Reached skill level 8 in Transmutations
  8668 | D:6      | Gained mutation: You are somewhat inexperienced. (-2 XL)
                  | [Ru sacrifice]
  8668 | D:6      | Reached XP level 8. HP: 66/66 MP: 11/11
  8668 | D:6      | Reached XP level 7. HP: 59/59 MP: 10/10
  8668 | D:6      | Reached * piety under Ru
  8668 | D:6      | Reached ** piety under Ru
  9064 | D:7      | Found a flagged portal.
  9071 | D:7      | Identified the +2 pair of boots "Falael" {Fly rC++ Will+
                  | Int-4}
  9091 | Bailey   | Entered a bailey
 10530 | Bailey   | Identified the -6 buckler of Immorality {rElec Dex+2}
 10549 | Bailey   | Noticed a gargoyle
 10597 | Bailey   | Killed a gargoyle
 10838 | Bailey   | Slain by a vampire

Illustrated notes

Levels and vault maps discovered:
D:1:      psy_arrival_basics, layout_rooms, dk_noncrumbling_2
D:2:      layout_rooms, basic_altar
D:3:      layout_rooms, nicolae_tso_swordbearing_angel, uniq_jessica
D:4:      layout_cave_pools, tgw_kikubaaqudgha,
          mainiacjoe_overflow_concentric_impassable,
          minmay_temple_entry_junction_2, gammafunk_ghost_mausoleum,
          serial_shops, nicolae_shop_statue_plus, portal_sewer_entry_b,
          uniq_edmund, uniq_sigmund, uniq_ijyb
D:5:      layout_loops_corners, mainiacjoe_overflow_surrounded_room, hex_medium,
          grunt_decor_cap, uniq_duvessa, uniq_blork_the_orc, uniq_eustachio
D:6:      layout_rooms, enter_ossuary_1, ebering_ghost_reflecting_pool,
          hex_tiny, kennysheep_small_spiral, dk_noncrumbling_4,
          hangedman_abyss_or_decor_jellyfish_corner,
          ebering_dispersal_statue_hall, eino_small_chamber_without_monster,
          chequers_jeans
D:7:      layout_loops_ring, nicolae_overflow_crystal_walls, lemuel_round_altar,
          enter_bailey_5, st_stairs_11
Temple:   dpeg_chambers_temple
Bailey:   bailey_polearm_vampire_castle_hellmonk, bailey

Skill      XL: |  1  2  3  4  5  6  7  8  9 |
---------------+----------------------------+-----
Transmutations | 3 5 7 8 |  8.0
Fighting       | 2 3 4 |  4.8
Unarmed Combat | 5 6 |  6.5
Dodging        | 3 5 6 |  6.4
Ice Magic      | 4 2 3 |  4.0
Spellcasting   | 4 |  4.0

Action                   |  1- 3 |  4- 6 |  7- 9 || total
-------------------------+-------+-------+-------++-------
Melee: Unarmed           |   113 |   188 |   475 ||   776
       Headbutt          |    12 |     7 |       ||    19
       Kick              |    23 |     6 |     2 ||    31
       Tailslap          |    11 |    17 |    27 ||    55
       Punch             |     3 |     5 |     5 ||    13
 Cast: Beastly Appendage |    19 |     4 |     3 ||    26
       Spider Form       |       |     5 |    17 ||    22
       Ice Form          |       |       |    20 ||    20
Invok: Sacrifice Experie |       |       |     1 ||     1
 Abil: End Transformatio |       |       |     1 ||     1
  Use: Potion            |       |     2 |     1 ||     3
       Scroll            |       |     4 |    15 ||    19
 Stab: Invisible         |       |       |     1 ||     1
Armor: Skin              |    25 |    36 |   133 ||   194
Dodge: Dodged            |    75 |   139 |   348 ||   562
